Unix NetHack Version 5.0.0-0 post-release - last build May  4 2026 22:22:43 (774f63e81ad911689b3a0859ea89b322d5daca8d,branch:main).

Game began 2026-05-06 11:38:58, ended 2026-05-06 16:07:14.

1212459919, chaotic female human Rogue

                                    #####
  ---------------     ############### #
  |..............######     ------------
  |.._<.........|   ##      |...........
  |.............|    #      |..........|
  -----------+---    #####%#...........|
                       ##   |..........|
                       #####...........|
             e         #    ------------
             @         #
             :         #
             #        ##
   ----------.-    ####
   |..........|    #
   |..........|#####
   |..........-#
   ------------

1212459919 the Cutpurse  St:11 Dx:18 Co:16 In:8 Wi:12 Ch:8  Chaotic
Dlvl:4  $:63 HP:0(25) Pw:12(12) AC:4  Xp:3 T:1253  Satiated

Latest messages:
 The giant bat bites!
 The giant bat bites!
 You miss the giant bat.
 The giant bat bites!
 You kill the giant bat!
 You see here a giant bat corpse.
 You see here 16 gold pieces.
 $ - 16 gold pieces (50 in total).
 The newt bites!
 You kill the newt!
 The door opens.
 You see here a lembas wafer.
 There is a lembas wafer here; eat it? [ynq] (n) y
 This lembas wafer is delicious!
 You finish eating the lembas wafer.
 You see here 13 gold pieces.
 $ - 13 gold pieces (63 in total).
 You hit the floating eye.
 You are frozen by the floating eye's gaze!
 The gecko misses!
 The gecko misses!
 The gecko just misses!
 The gecko bites!
 The gecko bites!
 The gecko bites!
 The gecko bites!
 The gecko bites!
 The gecko bites!
 The gecko bites!
 The gecko just misses!
 The gecko bites!
 The gecko bites!
 The gecko misses!
 The gecko bites!
 The gecko bites!
 The gecko just misses!
 The gecko bites!
 The gecko bites!
 The gecko bites!
 The gecko bites!
 The gecko bites!
 The gecko bites!
 The gecko bites!
 The gecko bites!
 You die...
 Do you want your possessions identified? [ynq] (y) y
 Do you want to see your attributes? [ynq] (y) y
 Do you want an account of creatures vanquished? [ynaq] (y) y
 Do you want to see your conduct and achievements? [ynq] (y) y
 Do you want to see the dungeon overview? [ynq] (y) y

Inventory:
 Coins    ('$')
  $ - 63 gold pieces
 Weapons  (')')
  b - 9 +0 daggers (alternate weapons; not wielded)
  m - a blessed +3 orcish dagger
  a - a +0 short sword (weapon in right hand)
 Armor    ('[')
  k - a blessed +0 pair of water walking boots (being worn)
  j - an uncursed +0 chain mail (being worn)
  c - an uncursed +1 leather armor
 Comestibles  ('%')
  h - 3 uncursed food rations
 Scrolls  ('?')
  o - an uncursed scroll of teleportation
 Potions  ('!')
  g - an uncursed potion of fruit juice
  d - an uncursed potion of sickness
 Tools    ('(')
  f - an empty uncursed sack
  e - an uncursed lock pick

1212459919 the Rogue's attributes:

Background:
 You were a Cutpurse, a level 3 female human Rogue.
 You were chaotic, nominally on a mission for Kos
 who was opposed by Issek (lawful) and Mog (neutral).
 You were right-handed.
 You were in the Dungeons of Doom, on level 4.
 You entered the dungeon 1253 turns ago.
 You had 56 experience points, 24 more were needed to attain level 4.

Basics:
 You had 0 out of 25 hit points.
 You had all 12 energy points (spell power).
 Your armor class was 4.
 Your wallet contained 63 zorkmids.
 Autopickup was off.

Final Characteristics:
 Your strength was 11 (peak:13, limit:18/100).
 Your dexterity was 18 (limit:18).
 Your constitution was 16 (limit:18).
 Your intelligence was 8 (limit:18).
 Your wisdom was 12 (limit:18).
 Your charisma was 8 (limit:18).

Final Status:
 You were satiated.
 You were unencumbered.
 You were wielding a short sword.
 You had basic skill with short sword.

Final Attributes:
 You were devoutly aligned.
 You were stealthy.
 You could walk on water.
 You were warded.
 You are dead.

Miscellaneous:
 You didn't encounter any bones levels.
 Total elapsed playing time was 42 minutes and 21 seconds.

Major events:
 Turn
    1: 1212459919 the chaotic female human Rogue entered the dungeon
  932: attained the rank of Cutpurse (level 3)
 1253: killed by a gecko, while frozen by a floating eye's gaze

You didn't know any spells.

Skills:
 Fighting Skills
   bare handed combat [Unskilled]
   two weapon combat  [Unskilled]
   riding             [Unskilled]
 Weapon Skills
   dagger             [Basic]
   knife              [Unskilled]
   short sword        [Basic]
   broadsword         [Unskilled]
   long sword         [Unskilled]
   two-handed sword   [Unskilled]
   saber              [Unskilled]
   club               [Unskilled]
   mace               [Unskilled]
   morning star       [Unskilled]
   flail              [Unskilled]
   hammer             [Unskilled]
   polearms           [Unskilled]
   spear              [Unskilled]
   crossbow           [Unskilled]
   dart               [Unskilled]
   shuriken           [Unskilled]
 Spellcasting Skills
   divination spells  [Unskilled]
   escape spells      [Unskilled]
   matter spells      [Unskilled]

Voluntary challenges:
 Character rerolling was not enabled.
 You were an atheist.
 You were illiterate.
 You never genocided any monsters.
 You never polymorphed an object.
 You never changed form.
 You used no wishes.
Achievements:
 You entered a shop.
 You attained the rank of Cutpurse.

 The Dungeons of Doom: levels 1 to 4
    Level 1:
       Many fountains.
    Level 2:
    Level 3:
       A potion shop, a fountain.
    Level 4: <- You were here.
       An altar.
       Final resting place for
          you, killed by a gecko, while frozen by a floating eye's gaze.


Vanquished creatures:
  a giant bat
 an acid blob
  3 jackals
  2 foxes
  2 kobolds
  2 goblins
  a lichen
  6 newts
18 creatures vanquished.

No species were genocided or became extinct.

Game over:
                       ----------
                      /          \
                     /    REST    \
                    /      IN      \
                   /     PEACE      \
                  /                  \
                  |    1212459919    |
                  |      63 Au       |
                  |   killed by a    |
                  |      gecko       |
                  |                  |
                  |                  |
                  |       2026       |
                 *|     *  *  *      | *
        _________)/\\_//(\/(/\)/\//\/|_)_______

Goodbye 1212459919 the Rogue...

You died in The Dungeons of Doom on dungeon level 4 with 431 points,
and 63 pieces of gold, after 1253 moves.
You were level 3 with a maximum of 25 hit points when you died.

